 Dungeon Crawl Stone Soup version 0.30.1-11-g7821555f0a (webtiles) character file.

Game seed: 4717383883305688425

5511 BoomerKuwanger the Basher (level 10, -3/91 HPs)
             Began as a Minotaur Berserker on Nov 27, 2023.
             Was a High Priest of Trog.
             Slain by a hornet (7 damage)
             ... while paralysed by a hornet
             ... on level 10 of the Dungeon.
             The game lasted 00:43:11 (7923 turns).

BoomerKuwanger the Basher (Minotaur Berserker)      Turns: 7923, Time: 00:43:11

Health: -3/91      AC: 18    Str: 26    XL:     10   Next: 43%
Magic:  9/9        EV:  2    Int:  4    God:    Trog [*****.]
Gold:   428        SH:  0    Dex: 10    Spells: 9/9 levels left

rFire   x . .        a - +0 mace (drain)
rCold   + . .        (no shield)
rNeg    . . .        j - +0 plate armour
rPois   +            (helmet restricted)
rElec   .            (no cloak)
rCorr   .            (no gloves)
SInv    .            f - +0 pair of boots
Will    .....        (no amulet) Stlth
                     g - ring of poison resistance
HPRegen 0.35/turn    q - ring of ice
MPRegen 0.11/turn

%: no passive effects
@: paralysed
A: horns 2, retaliatory headbutt, iridescent scales 1
a: Renounce Religion, Berserk, Trog's Hand, Brothers in Arms


You were on level 10 of the Dungeon.
You worshipped Trog.
Trog was extremely pleased with you.
You visited 1 branch of the dungeon, and saw 10 of its levels.

You collected 428 gold pieces.

Inventory:

Hand Weapons
 a - a +0 mace of draining (weapon)
 m - a +0 flail
 o - a +3 mace
Missiles
 b - 6 silver javelins (quivered)
 d - 5 boomerangs
 l - 13 poisoned darts
Armour
 f - a +0 pair of boots (worn)
 i - a +0 ring mail
 j - a +0 plate armour (worn)
Jewellery
 c - a ring of magical power
 g - a ring of poison resistance (left hand)
 q - a ring of ice (right hand)
 s - an amulet of magic regeneration
 C - a ring of protection from cold
Wands
 p - a wand of light (7)
 x - a wand of flame (42)
Scrolls
 e - 4 scrolls of identify
 h - a scroll of enchant weapon {unknown}
 n - 3 scrolls of teleportation
 w - a scroll of fog {unknown}
 y - 3 scrolls of poison {unknown}
 A - a scroll of fear {unknown}
 B - 2 scrolls of noise {unknown}
 E - a scroll of amnesia {unknown}
Potions
 k - a potion of mutation
 r - 2 potions of curing
 t - a potion of might
 u - a potion of attraction {unknown}
 v - a potion of flight {unknown}
 z - 2 potions of haste {unknown}
 D - a potion of invisibility {unknown}


   Skills:
 + Level 9.3 Fighting
 + Level 12.1 Maces & Flails
 + Level 10.8 Armour
 + Level 4.4 Dodging
 + Level 2.2 Stealth
 + Level 0.1 Evocations


You had 9 spell levels left.
You didn't know any spells.
Your spell library was empty.

Dungeon Overview and Level Annotations

Branches:
Dungeon (10/15)            Temple (0/1) D:5
   Lair: D:8-11         Orc: D:9-12

Altars:
Sif Muna
Uskayaw
Wu Jian
Yredelemnul
The Shining One

Shops:
D:1 !   D:3 [

Annotations:
D:8 Erica


Innate Abilities, Weirdness & Mutations

You have a pair of horns on your head.
You reflexively headbutt those who attack you in melee.
You are partially covered in iridescent scales. (AC +2)


Message History

The hornet closely misses you. The hornet stings you!
You barely miss the hornet.
The hornet is heavily wounded.
The hornet stings you but does no damage.
The hornet barely misses you.
You barely miss the hornet.
The hornet is heavily wounded.
You feel yourself speed up.
The hornet stings you but does no damage. x2
You hit the hornet but do no damage.
The hornet is heavily wounded.
The hornet stings you!
You hit the hornet but do no damage. You drain the hornet.
The hornet is severely wounded.
The hornet stings you!
* * * LOW HITPOINT WARNING * * *
You feel yourself slow down. The hornet attacks as you move away!
The hornet stings you but does no damage.
The hornet stings you.
* * * LOW HITPOINT WARNING * * *
You feel yourself speed up.
The hornet stings you but does no damage. x2
The hornet barely misses you. The hornet closely misses you.
There is a stone staircase leading down here.
The hornet stings you.
* * * LOW HITPOINT WARNING * * *
You climb downwards.
There is a stone staircase leading up here.
You barely miss the hornet.
The hornet is severely wounded.
The hornet stings you but does no damage.
You hit the hornet but do no damage. You headbutt the hornet.
The hornet is severely wounded.
The hornet stings you!
* * * LOW HITPOINT WARNING * * *
You suddenly lose the ability to move!
The hornet stings you but does no damage.
The hornet stings you!
You die...

# ####.#
#.@..#
#....y#.......
#...#. .######
##. ## ## #


You could see a hornet (drained).

Vanquished Creatures
  A two-headed ogre (D:8)
  3 hornets
  A wraith (D:9)
  A shadow (D:7)
  4 wyverns
  2 yaks (D:9)
  2 steam dragons (D:7)
  Duvessa (D:6)
  2 water moccasins
  2 orc warriors (D:6)
  A black bear (D:7)
  An ice beast (D:7)
  2 centaurs
  3 ogres
  A phantom (D:5)
  3 bullfrogs
  2 kobold brigands
  3 scorpions
  Dowan (D:6)
  6 killer bees (D:9)
  An electric eel (D:6)
  3 orc priests
  3 hounds
  4 jellies
  A gnoll bouda (D:4)
  3 iguanas
  6 orc wizards
  Terence (D:3)
  9 gnolls (D:4)
  7 adders
  2 shadow imps
  2 white imps
  2 ufetubi
  A worm (D:5)
  3 dart slugs
  23 orcs
  4 bats
  5 endoplasms
  4 giant cockroaches
  6 goblins
  7 hobgoblins
  4 jackals (D:1)
  5 quokkas
  3 ball pythons (D:1)
  A frilled lizard (D:1)
  18 kobolds
  2 rats
172 creatures vanquished.

Notes
Turn   | Place    | Note
-------+----------+-------------------------------------------
     0 | D:1      | BoomerKuwanger the Minotaur Berserker began the quest for
                  | the Orb.
     0 | D:1      | Reached XP level 1. HP: 19/19 MP: 0/0
   107 | D:1      | Found Jeollipli's Distillery.
   307 | D:1      | Reached XP level 2. HP: 27/27 MP: 1/1
   349 | D:1      | Reached skill level 4 in Maces & Flails
   670 | D:1      | Reached XP level 3. HP: 32/33 MP: 2/2
   697 | D:1      | You fall into a shaft and drop 1 floor!
   697 | D:2      | Found a faded altar of an unknown god.
   706 | D:2      | You fall into a shaft and drop 1 floor!
   898 | D:3      | Reached ** piety under Trog
   899 | D:3      | Reached XP level 4. HP: 37/41 MP: 3/3
   945 | D:3      | Gained mutation: You are partially covered in iridescent
                  | scales. (AC +2) [potion of mutation]
   995 | D:3      | Noticed Terence
  1003 | D:3      | Found a glowing golden altar of the Shining One.
  1004 | D:3      | Found a shimmering blue altar of Sif Muna.
  1005 | D:3      | Found a hide-covered altar of Uskayaw.
  1005 | D:3      | Found a basalt altar of Yredelemnul.
  1013 | D:3      | Killed Terence
  1322 | D:3      | Noticed an animated crystal plate armour
  1323 | D:3      | Found Gufaby's Armour Shoppe.
  1323 | D:3      | Noticed an animated crystal plate armour
  1384 | D:3      | Reached skill level 5 in Maces & Flails
  1596 | D:4      | Noticed a wyvern
  1709 | D:4      | Reached XP level 5. HP: 46/47 MP: 4/4
  1844 | D:4      | Reached skill level 5 in Fighting
  1844 | D:4      | Reached skill level 6 in Maces & Flails
  1844 | D:4      | Reached XP level 6. HP: 56/56 MP: 5/5
  2036 | D:4      | Identified the +0 robe "Biramuch" {Harm rElec rCorr Int-2}
  2328 | D:4      | Killed a wyvern
  2329 | D:4      | Reached XP level 7. HP: 32/62 MP: 6/6
  2511 | D:4      | Reached skill level 7 in Maces & Flails
  3232 | D:5      | Entered Level 5 of the Dungeon
  3322 | D:5      | Reached *** piety under Trog
  3323 | D:5      | Reached skill level 5 in Armour
  3421 | D:5      | Reached skill level 8 in Maces & Flails
  3443 | D:5      | Found a staircase to the Ecumenical Temple.
  3793 | D:5      | Found an ornate altar of the Wu Jian Council.
  3856 | D:5      | Reached XP level 8. HP: 71/71 MP: 7/7
  4216 | D:6      | Noticed Dowan
  4216 | D:6      | Noticed Duvessa
  4229 | D:6      | Killed Dowan
  4238 | D:6      | Killed Duvessa
  4239 | D:6      | Reached skill level 9 in Maces & Flails
  4993 | D:6      | Reached skill level 10 in Maces & Flails
  5249 | D:6      | Reached skill level 1 in Stealth
  5533 | D:7      | Reached XP level 9. HP: 81/81 MP: 8/8
  6033 | D:7      | Reached **** piety under Trog
  6339 | D:7      | Reached skill level 11 in Maces & Flails
  6993 | D:8      | Noticed Erica
  7297 | D:9      | Reached XP level 10. HP: 35/90 MP: 9/9
  7487 | D:9      | Reached skill level 10 in Armour
  7735 | D:8      | Noticed a two-headed ogre
  7758 | D:8      | Killed a two-headed ogre
  7904 | D:9      | Reached ***** piety under Trog
  7905 | D:9      | Reached skill level 12 in Maces & Flails
  7920 | D:10     | Entered Level 10 of the Dungeon
  7922 | D:10     | HP: 3/91 [hornet (11)]
  7922 | D:10     | Paralysed by a hornet for 2 turns
  7923 | D:10     | Slain by a hornet

Illustrated notes

Levels and vault maps discovered:
D:1:      minmay_arrival_loop, layout_basic, serial_shops, shop
D:2:      layout_basic, chequers_ecumenical_altar_island, st_stairs_13,
          chequers_serial_rivers_small_b, moated_statue
D:3:      layout_basic, grunt_temple_overflow_open, serial_shops,
          nicolae_shop_mannequins, uniq_terence
D:4:      layout_layer_cave
D:5:      layout_rooms, nzn_wu_jian_contemplation, temple_statues
D:6:      layout_loops_corners, minivault_14, nicolae_eternal_life,
          minivault_26, uniq_duvessa
D:7:      cheibrodos_steamvent, layout_loops_corners
D:8:      layout_cave_pods, lair_entry_dummy, uniq_erica
D:9:      layout_basic
D:10:     layout_loops_cross, serial_shops, shop

Skill      XL: |  1  2  3  4  5  6  7  8  9 10 |
---------------+-------------------------------+-----
Fighting       | 4 5 6 7 8 9 |  9.3
Maces & Flails | 4 5 6 8 10 11 12 | 12.1
Armour         | 3 4 5 7 9 10 | 10.8
Dodging        | 3 4 |  4.4
Stealth        | 1 2 |  2.2
Evocations     | |  0.1

Action                     |  1- 3 |  4- 6 |  7- 9 | 10-12 || total
---------------------------+-------+-------+-------+-------++-------
  Melee: Mace              |    73 |   104 |   308 |    57 ||   542
         Headbutt          |     4 |    17 |    46 |    13 ||    80
         Punch             |       |       |     7 |       ||     7
  Evoke: Wand              |       |       |     1 |       ||     1
    Use: Potion            |     3 |     1 |       |       ||     4
         Scroll            |     4 |     2 |     1 |       ||     7
   Stab: Distracted        |       |       |     1 |       ||     1
 Armour: Animal skin       |    13 |       |       |       ||    13
         Ring mail         |    25 |     1 |       |       ||    26
         Plate armour      |       |    60 |   216 |    50 ||   326
  Dodge: Dodged            |    53 |    32 |   155 |    42 ||   282
